 Dungeon Sprint DCSS version 0.31-a0-75-g6fe912e8c5 (webtiles) character file.

Game seed: 7407493016618403480

26070 sircluck the Wrestler (level 12, -23/136 HPs)
             Began as a Troll Berserker on May 23, 2023.
             Was an Elder of Trog.
             Engulfed by Lom Lobon's freezing vapour (27 damage)
             ... in the Dungeon (Sprint I: "Red Sonja").
             The game lasted 00:14:02 (2381 turns).

sircluck the Wrestler (Troll Berserker)             Turns: 2381, Time: 00:14:03

Health: -23/136    AC: 21    Str: 36    XL:     12   Next: 95%
Magic:  11/11      EV:  5    Int:  2    God:    Trog [****..]
Gold:   3167       SH:  0    Dex:  8    Spells: 11/11 levels left

rFire   . .          .
                       - Unarmed
rCold   . . .        q - +1 kite shield {AC+3}
rNeg    . . .        r - +2 shadow dragon scales
rPois   .            (helmet restricted)
rElec   .            m - scarf {repulsion}
rCorr   .            (gloves unavailable)
SInv    .            (boots unavailable)
Will    .....        l - amulet of regeneration
Stlth   ++           (no ring)
HPRegen 2.02/turn    (no ring)
MPRegen 0.12/turn

%: no teleportation, repel missiles
@: lethally poisoned (-23 -> -24), frozen, held, slowed, unable to drink, very
slow
A: large, unfitting armour, claws 3, regeneration 1, shaggy fur 1, tough skin 1,
strong 1, inability to drink after injury 1
a: Renounce Religion, Berserk, Trog's Hand, Brothers in Arms


You were in the Dungeon.
You worshipped Trog.
Trog was greatly pleased with you.
You visited 1 branch You collected 5136 gold pieces.
You spent 1969 gold pieces at shops.

Inventory:

Armour
 a - a +0 animal skin
 m - a scarf of repulsion (worn)
 q - a +1 kite shield of protection (worn)
 r - +2 shadow dragon scales (worn)
 s - a +0 cloak
 u - +0 gold dragon scales
Jewellery
 l - an amulet of regeneration (around neck)
Wands
 h - a wand of paralysis (6)
 i - a wand of flame (20)
 o - a wand of light (5)
Scrolls
 n - a scroll of vulnerability
 x - 2 scrolls of summoning
Potions
 b - 4 potions of curing
 d - a potion of haste
 e - 3 potions of magic
 f - a potion of berserk rage
 t - a potion of attraction {unknown}
 v - a potion of resistance {unknown}


   Skills:
 + Level 13.4 Fighting
 + Level 1.9 Throwing
 + Level 7.6 Armour
 + Level 13.8 Dodging
 + Level 6.3 Shields
 + Level 23.5 Unarmed Combat


You had 11 spell levels left.
You didn't know any spells.
Your spell library was empty.

Dungeon Overview and Level Annotations

Branches:
Dungeon (1/1)

Altars:
Cheibriados
Dithmenos
Elyvilon
Fedhas
Gozag
Hepliaklqana
Kikubaaqudgha
Makhleb
Nemelex Xobeh
Okawaru
Qazlal
Ru
Sif Muna
Trog
Uskayaw
Vehumet
Wu Jian
Xom
Yredelemnul
Zin
The Shining One
Jiyva
Lugonu

Shops:
D (?[=[*[?!!(?=?(((=![[*

Annotations:
D exclusion: oklob plant, Lom Lobon, Tiamat


Innate Abilities, Weirdness & Mutations

You are too large for most types of armour.
You have claws for hands.
Your natural rate of healing is unusually fast.
You are covered in fur. (AC +1)
You have tough skin. (AC +1)
Your muscles are strong. (Str +4, Int/Dex -1)
You occasionally lose the ability to drink potions when taking damage.


Message History

You feel yourself slow down.
You feel very sick.
You struggle against the net.
You are engulfed in dark miasma.
You are more poisoned.
You feel extremely sick.
Lom Lobon gestures.
A ball lightning comes into view.
You struggle against the net.
You feel extremely sick.
You hear a clap of thunder!
The blast of lightning engulfs Lom Lobon.
Lom Lobon completely resists.
You hear a clap of thunder!
The blast of lightning engulfs Lom Lobon.
Lom Lobon completely resists.
You hear a clap of thunder!
The blast of lightning engulfs Lom Lobon.
Lom Lobon completely resists.
You shred the net and break free!
You are no longer corroded.
You feel extremely sick.
The winds around Lom Lobon start to calm down.
Lom Lobon screams, "Tremble, thou tasty snackling!"
You feel very sick. Lom Lobon drops a net on you.
You become entangled in the net!
You see here a throwing net.
Unknown command.
Unknown command.
Unknown command.
You fail to use your ability.
You feel very sick. Lom Lobon gestures at you.
Lom Lobon conjures a mighty blast of ice!
The great icy blast engulfs you!!!!
You feel threatened and lose the ability to drink potions!
Ouch! That really hurt!
* * * LOW HITPOINT WARNING * * *
You are encased in ice.
You are engulfed in freezing vapours.
You die...

..○.+.....##.#A#.#..≈))#)####§#,,
#○○○#.....#..###.#..≈(##'#..§.##,
#..○###++##)##...#..≈##...§.§§.##
#..###..###..#+###..≈#§...§§§...#
#..####..###...#P≈..##...†.§§.§.#
##'#..#[.#.###)#M≈..#.....§[§.§..
##.#.........#.###..#..§..:......
####°.....°..#.#§§..##..........#
#..○......####)#@##'##..........#
#####...###..))#§#~~~##........##
#...#####...####&#~~~~##...).)##$
#:........###,,..#~~~~~########.°
......#####^,,§####~~~~#~~~~~#.○.
)..).##^^^,,§°§#..#'~~~'~~.~~+...
....##,,^,^,§§,#..÷##~~#~~~~~#~°~
....#^,,,,,§§§,#....######'###**~
#####****,§§§^,#....#~~≈≈≈≈≈≈≈≈#*


You could see Lom Lobon (gusty).

Vanquished Creatures
  the Lernaean hydra (D)
  A shadow dragon (D)
  A fire giant (D)
  A deep elf annihilator (D)
  A lorocyproca (D)
  A hydra (D)
  2 centaur warriors (D)
  Sonja (D)
  A deep troll (D)
  A lindwurm (D)
  An oklob plant (D)
  2 merfolk sirens (D)
  4 demonic crawlers (D)
  A gargoyle (D)
  7 unseen horrors (D)
  2 kobold demonologists (D)
  5 hornets (D)
  A hellwing (D)
  A slime creature (D)
  Sigmund (D)
  13 hogs (D)
  A yak (D)
  2 redbacks (D)
  4 floating eyes (D)
  An ogre (D)
  7 necrophages (D)
  8 jellies (D)
  Ijyb (D)
73 creatures vanquished.

Vanquished Creatures (collateral kills)
  A golden dragon (D)
  3 fire giants (D)
  8 shining eyes (D)
  3 floating eyes (D)
15 creatures vanquished.

Vanquished Creatures (others)
  A deep elf master archer (D)
  A gargoyle (D)
  3 ball lightnings (D)
  2 ballistomycete spores (D)
7 creatures vanquished.

Grand Total: 95 creatures vanquished

Notes
Turn   | Place    | Note
-------+----------+-------------------------------------------
     0 | D        | sircluck the Troll Berserker began the quest for the Orb.
     0 | D        | Reached XP level 1. HP: 22/22 MP: 0/0
     1 | D        | Noticed Ijyb
     1 | D        | Paralysed by Ijyb for 4 turns
    12 | D        | Killed Ijyb
    13 | D        | Reached skill level 4 in Unarmed Combat
    13 | D        | Reached XP level 2. HP: 31/31 MP: 1/1
    18 | D        | Noticed an ogre
    22 | D        | Killed an ogre
    23 | D        | Reached skill level 6 in Unarmed Combat
    23 | D        | Reached XP level 3. HP: 41/41 MP: 2/2
    23 | D        | Reached XP level 4. HP: 49/49 MP: 3/3
    75 | D        | Noticed Sigmund
    78 | D        | Killed Sigmund
    78 | D        | Reached ** piety under Trog
    79 | D        | Reached skill level 8 in Unarmed Combat
    79 | D        | Reached XP level 5. HP: 56/59 MP: 4/4
    94 | D        | Found an ornate altar of the Wu Jian Council.
    94 | D        | Found a shimmering blue altar of Sif Muna.
    96 | D        | Found a radiant altar of Vehumet.
   100 | D        | Reached XP level 6. HP: 65/68 MP: 5/5
   128 | D        | Found Xenao's Jewellery Emporium.
   128 | D        | Found an ancient bone altar of Kikubaaqudgha.
   128 | D        | Found a hazy altar of Hepliaklqana.
   128 | D        | Found a hide-covered altar of Uskayaw.
   128 | D        | Found a basalt altar of Yredelemnul.
   128 | D        | Found an opulent altar of Gozag.
   128 | D        | Found a snail-covered altar of Cheibriados.
   128 | D        | Found a sacrificial altar of Ru.
   128 | D        | Found a shadowy altar of Dithmenos.
   128 | D        | Noticed a yak
   133 | D        | Killed a yak
   134 | D        | Reached skill level 9 in Unarmed Combat
   134 | D        | Found a stormy altar of Qazlal.
   134 | D        | Found a blossoming altar of Fedhas.
   134 | D        | Found a bloodstained altar of Trog.
   134 | D        | Found an iron altar of Okawaru.
   134 | D        | Found a glowing golden altar of the Shining One.
   134 | D        | Found a glowing silver altar of Zin.
   134 | D        | Found a white marble altar of Elyvilon.
   136 | D        | Found a sparkling altar of Nemelex Xobeh.
   153 | D        | Found a burning altar of Makhleb.
   153 | D        | Found a viscous altar of Jiyva.
   153 | D        | Found a shimmering altar of Xom.
   153 | D        | Found a corrupted altar of Lugonu.
   153 | D        | Noticed a slime creature
   161 | D        | Killed a slime creature
   161 | D        | Reached *** piety under Trog
   162 | D        | Reached skill level 10 in Unarmed Combat
   162 | D        | Reached XP level 7. HP: 55/78 MP: 6/6
   195 | D        | Noticed a kobold demonologist
   198 | D        | Noticed a kobold demonologist
   199 | D        | Noticed an orange demon
   202 | D        | Noticed a hellwing
   205 | D        | Killed a kobold demonologist
   206 | D        | Reached skill level 11 in Unarmed Combat
   209 | D        | Killed a kobold demonologist
   209 | D        | Reached **** piety under Trog
   210 | D        | Reached skill level 12 in Unarmed Combat
   210 | D        | Reached XP level 8. HP: 89/89 MP: 7/7
   341 | D        | Noticed Sonja
   355 | D        | Killed Sonja
   356 | D        | Reached skill level 13 in Unarmed Combat
   445 | D        | Noticed a deep troll
   450 | D        | Killed a deep troll
   451 | D        | Reached skill level 10 in Dodging
   451 | D        | Reached XP level 9. HP: 69/101 MP: 8/8
   460 | D        | Found Zynnoij's Armour Emporium.
   509 | D        | Noticed a centaur warrior
   511 | D        | Noticed a centaur warrior
   516 | D        | Killed a centaur warrior
   516 | D        | Reached ***** piety under Trog
   517 | D        | Reached skill level 10 in Fighting
   517 | D        | Reached skill level 14 in Unarmed Combat
   519 | D        | Killed a centaur warrior
   520 | D        | Reached skill level 15 in Unarmed Combat
   543 | D        | Noticed an oklob plant
   551 | D        | Killed an oklob plant
   552 | D        | Reached XP level 10. HP: 92/111 MP: 9/9
   562 | D        | Reached skill level 16 in Unarmed Combat
   594 | D        | Received a gift from Trog
   663 | D        | Reached ****** piety under Trog
   670 | D        | Received a gift from Trog
   677 | D        | Paralysed by a floating eye for 4 turns
   688 | D        | Paralysed by a floating eye for 4 turns
   736 | D        | Gained mutation: Your muscles are strong. (Str +4, Int/Dex
                  | -1) [potion of mutation]
   741 | D        | Found Vowk's Magic Scroll Shoppe.
   741 | D        | Found Cukuc's Armour Shop.
   741 | D        | Found Xilenauth's Distillery.
   743 | D        | Found Kateifie's Distillery.
   743 | D        | Found Puockoganuu's Weapon Shop.
   743 | D        | Found Byedghog's Magic Scroll Shoppe.
   743 | D        | Found Baazuppa's Jewellery Boutique.
   743 | D        | Found Qotik's Magic Scroll Emporium.
   743 | D        | Found Fouv's Weapon Shop.
   743 | D        | Found Bacsijes's Antique Weapon Shoppe.
   746 | D        | Bought a scroll of magic mapping for 82 gold pieces
   776 | D        | Found Lyckor's Antique Weapon Boutique.
   777 | D        | Found Ypsa Kyg's Distillery.
   777 | D        | Found Quqaagush's Jewellery Boutique.
   778 | D        | Found Sufipih's Armour Emporium.
   786 | D        | Bought an amulet of regeneration for 390 gold pieces
   825 | D        | Found Hefu's Antique Weapon Boutique.
   835 | D        | Noticed a shining eye
   835 | D        | Noticed a shining eye
   835 | D        | Noticed a shining eye
   837 | D        | Reached skill level 17 in Unarmed Combat
   839 | D        | Killed a shining eye
   840 | D        | Received a gift from Trog
   841 | D        | Noticed a shining eye
   841 | D        | Killed a shining eye
   842 | D        | Killed a shining eye
   844 | D        | Killed a shining eye
   845 | D        | Reached skill level 18 in Unarmed Combat
   846 | D        | Noticed a shining eye
   848 | D        | Killed a shining eye
   848 | D        | Received a gift from Trog
   849 | D        | Reached XP level 11. HP: 123/123 MP: 10/10
   849 | D        | Noticed a shining eye
   850 | D        | Killed a shining eye
   855 | D        | Noticed a shining eye
   855 | D        | Noticed a shining eye
   860 | D        | Gained mutation: You occasionally lose the ability to drink
                  | potions when taking damage. [a shining eye]
   861 | D        | Killed a shining eye
   866 | D        | Killed a shining eye
   878 | D        | Found Hoihuilu's Magic Scroll Shoppe.
   878 | D        | Found Qunkyina's Antique Armour Shop.
   878 | D        | Found Dynneon's Armour Emporium.
   878 | D        | Found Izxa's Assorted Antiques.
   949 | D        | Bought +2 shadow dragon scales for 1288 gold pieces
  1031 | D        | Reached skill level 19 in Unarmed Combat
  1032 | D        | Received a gift from Trog
  1122 | D        | Killed a lorocyproca
  1123 | D        | Reached skill level 1 in Armour
  1123 | D        | Reached skill level 1 in Shields
  1298 | D        | Noticed a lindwurm
  1306 | D        | Killed a lindwurm
  1319 | D        | Received a gift from Trog
  1325 | D        | Reached skill level 20 in Unarmed Combat
  1343 | D        | Received a gift from Trog
  1364 | D        | Identified the +5 tower shield "Leanurr" {*Corrode rN+
                  | Dex+6}
  1364 | D        | Noticed a daeva
  1372 | D        | Identified the +5 quarterstaff "Kus Miem" {heavy, Fly rN+
                  | Str+7 Stlth-} (Trog gifted it to you in the Dungeon)
  1372 | D        | Received a gift from Trog
  1394 | D        | Noticed a fire giant
  1405 | D        | Killed a fire giant
  1406 | D        | Reached skill level 21 in Unarmed Combat
  1406 | D        | Reached XP level 12. HP: 132/136 MP: 11/11
  1407 | D        | Noticed a fire giant
  1407 | D        | Noticed a fire giant
  1411 | D        | Killed a fire giant
  1415 | D        | Killed a fire giant
  1415 | D        | Received a gift from Trog
  1429 | D        | Noticed a fire giant
  1443 | D        | Killed a fire giant
  1453 | D        | Found the +4 dragonskin cloak
  1453 | D        | Noticed Tiamat
  1596 | D        | Noticed a 12-headed hydra
  1599 | D        | Killed a 14-headed hydra
  1600 | D        | Reached skill level 5 in Armour
  1600 | D        | Reached skill level 22 in Unarmed Combat
  1732 | D        | Noticed a shadow dragon
  1733 | D        | Noticed a golden dragon
  1744 | D        | Killed a shadow dragon
  1744 | D        | Received a gift from Trog
  1750 | D        | Killed a golden dragon
  1751 | D        | Reached skill level 5 in Shields
  1818 | D        | Found Befra's General Store.
  1843 | D        | Bought 2 scrolls of summoning for 209 gold pieces
  1870 | D        | Noticed a deep elf annihilator
  1886 | D        | Noticed a mummy priest
  1888 | D        | Killed a deep elf annihilator
  1888 | D        | Received a gift from Trog
  1889 | D        | Reached skill level 23 in Unarmed Combat
  1892 | D        | Reached skill level 1 in Throwing
  2016 | D        | Noticed a jiangshi
  2056 | D        | Noticed the 27-headed Lernaean hydra
  2070 | D        | Killed the 26-headed Lernaean hydra
  2111 | D        | Noticed a deep elf master archer
  2373 | D        | Noticed Lom Lobon
  2375 | D        | Killed a deep elf master archer
  2380 | D        | HP: 4/136 [Lom Lobon/great icy blast (78)]
  2381 | D        | Engulfed by Lom Lobon's freezing vapour

Illustrated notes

Levels and vault maps discovered:
D:        dungeon_sprint_1 [red_sonja_temple_1, red_sonja_temple_small_1]

Skill      XL: |  1  2  3  4  5  6  7  8  9 10 11 12 |
---------------+-------------------------------------+-----
Fighting       | 3 4 6 7 8 9 10 11 13 | 13.4
Dodging        | 3 4 6 7 9 10 11 12 13 | 13.8
Unarmed Combat | 4 6 8 10 12 13 15 18 21 23 | 23.5
Armour         | 3 7 |  7.6
Shields        | 3 6 |  6.3
Throwing       | 1 |  1.9

Action                     |  1- 3 |  4- 6 |  7- 9 | 10-12 || total
---------------------------+-------+-------+-------+-------++-------
  Melee: Unarmed           |    11 |    16 |    38 |   177 ||   242
         Punch             |       |     2 |     3 |     2 ||     7
  Throw: Stone             |       |       |       |    16 ||    16
         Dart              |       |       |       |    11 ||    11
         Javelin           |       |       |       |     2 ||     2
 Invoke: Berserk           |     1 |       |     3 |     3 ||     7
         Brothers in Arms  |       |       |       |     8 ||     8
    Use: Scroll            |       |       |       |     6 ||     6
         Potion            |       |       |       |     3 ||     3
 Armour: Animal skin       |     1 |     1 |    18 |    15 ||    35
         Shadow dragon sca |       |       |       |   138 ||   138
  Dodge: Dodged            |     4 |     5 |    38 |    73 ||   120
         Repelled          |       |       |       |     7 ||     7
  Block: Kite shield       |       |       |       |    42 ||    42

Table legend: (Time is in decaauts)
 A = Elapsed time spent in this place.
 B = Non-inter-level travel time spent in this place.
 C = Inter-level travel time spent in this place.
 D = Time resting spent in this place.
 E = Time spent auto-exploring this place.
 F = Levels seen in this place.
 G = Mean time per level.
                   A        B        C        D        E       F      G
               +--------+--------+--------+--------+--------+-----+--------+
         Total |   2388 |   2292 |     96 |    616 |    259 |   1 | 2388.0 |
       Dungeon |   2388 |   2292 |     96 |    616 |    259 |   1 | 2388.0 |
               +--------+--------+--------+--------+--------+-----+--------+

Top non-repeatable levels by time:
       D: 2388 daAuts
